 Dungeon Crawl Stone Soup version 0.32-a0-995-gb4a59205af (webtiles) character file.

Game seed: 5148228260442267409

86 Sabo the Charlatan (level 4, 0/34 HPs)
             Began as a Gnoll Artificer on Apr 21, 2024.
             Succumbed to Crazy Yiuf's poison
             ... on level 2 of the Dungeon on Apr 23, 2024.
             The game lasted 00:14:12 (2313 turns).

Sabo the Charlatan (Gnoll Artificer)                Turns: 2313, Time: 00:14:12

Health: 0/34       AC:  9    Str: 14    XL:     4   Next: 50%
Magic:  5/5        EV:  6    Int: 10    God:
Gold:   113        SH:  0    Dex: 12    Spells: 5/5 levels left

rFire   . . .        b - +0 hand axe
rCold   . . .        (no shield)
rNeg    . . .        a - +0 chain mail
rPois   .            (no helmet)
rElec   .            (no cloak)
rCorr   .            (no gloves)
SInv    .            (no boots)
Will    .....        o - amulet of magic regeneration Stlth
                     (no ring)
HPRegen 0.25/turn    (no ring)
MPRegen 0.49/turn

%: no passive effects
@: confused, mighty, lethally poisoned (0 -> -4)
A: fangs 1, strong nose, distributed training
a: no special abilities


You were on level 2 of the Dungeon.
You visited 1 branch of the dungeon, and saw 2 of its levels.

You collected 113 gold pieces.

Inventory:

Hand Weapons
 b - a +0 hand axe (weapon)
 i - a +0 sling
Armour
 a - a +0 chain mail (worn)
Jewellery
 o - an amulet of magic regeneration (around neck)
Talismans
 t - a beast talisman
Wands
 c - a wand of flame (14) (quivered)
 d - a wand of charming (15)
 e - a wand of iceblast (5)
Scrolls
 f - a scroll of poison
 h - a scroll of silence {unknown}
 m - a scroll of amnesia {unknown}
 p - a scroll of noise {unknown}
 r - 2 scrolls of teleportation {unknown}
Potions
 g - 3 potions of brilliance
 j - a potion of enlightenment {unknown}
 k - a potion of lignification {unknown}
 l - a potion of resistance {unknown}
 s - a potion of attraction {unknown}


   Skills:
 + Level 2.8 Fighting
 + Level 1.2 Short Blades
 + Level 1.2 Long Blades
 + Level 1.2 Axes
 + Level 1.2 Maces & Flails
 + Level 1.2 Polearms
 + Level 1.2 Staves
 + Level 1.2 Ranged Weapons
 + Level 1.2 Throwing
 + Level 4.7 Armour
 + Level 2.8 Dodging
 + Level 2.6 Stealth
 + Level 1.2 Shields
 + Level 1.2 Unarmed Combat
 + Level 1.2 Spellcasting
 + Level 1.0 Conjurations
 + Level 1.0 Hexes
 + Level 1.0 Summonings
 + Level 1.0 Necromancy
 + Level 1.0 Translocations
 + Level 1.0 Fire Magic
 + Level 1.0 Ice Magic
 + Level 1.0 Air Magic
 + Level 1.0 Earth Magic
 + Level 1.0 Alchemy
 + Level 1.3 Invocations
 + Level 6.6 Evocations
 + Level 1.1 Shapeshifting


You had 5 spell levels left.
You didn't know any spells.
Your spell library contained the following spells:

 Spells                   Type           Power      Damage    Failure   Level
 Foxfire                  Conj/Fire      8%         2x1d4     97%         1
 Ignite Poison            Fire/Alch      2%         N/A       100%        4
 Sticky Flame             Fire/Alch      2%         2d4       100%        4
 Ignition                 Fire           1%         3d3       100%        8


Dungeon Overview and Level Annotations

Branches:
Dungeon (2/15)

Altars:

Annotations:
D:2 Crazy Yiuf


Innate Abilities, Weirdness & Mutations

You have very sharp teeth.
Your uncanny sense of smell can sniff out nearby items.
Your experience applies equally to all skills.


Message History

g - 3 potions of brilliance You open the door.
You hit Crazy Yiuf.
Crazy Yiuf is moderately wounded.
Crazy Yiuf screams, "Cod hog Xom!"
Crazy Yiuf hits you with a +3 quarterstaff of chaos!
Crazy Yiuf freezes you.
Crazy Yiuf says, "Cake hog high!"
Crazy Yiuf hits you with a +3 quarterstaff of chaos.
You hit Crazy Yiuf.
Crazy Yiuf is heavily wounded.
Crazy Yiuf hits you but does no damage.
You hit Crazy Yiuf but do no damage.
Crazy Yiuf is heavily wounded.
Crazy Yiuf hits you but does no damage.
You are poisoned.
You closely miss Crazy Yiuf.
Crazy Yiuf is heavily wounded.
You feel very sick. Crazy Yiuf hits you but does no damage.
You are confused.
You hit Crazy Yiuf.
Crazy Yiuf is heavily wounded.
You feel sick.
Crazy Yiuf hits you with a +3 quarterstaff of chaos!
* * * LOW HITPOINT WARNING * * *
Crazy Yiuf hits you with a +3 quarterstaff of chaos.
* * * LOW HITPOINT WARNING * * *
Crazy Yiuf burns you.
* * * LOW HITPOINT WARNING * * *
It was a potion of might.
You feel very mighty all of a sudden.
* * * LOW HITPOINT WARNING * * *
You feel sick.
Crazy Yiuf grits, "Whiteboard senile Xom!"
Crazy Yiuf hits you with a +3 quarterstaff of chaos.
* * * LOW HITPOINT WARNING * * *
You are more confused.
You bump into the rock wall.
You die...

....#..###### #.....##.#
##.##..# #.....##.# #....###
#.....##.# ####.>..#
########.# # ##.### #.# #
#.######### #.#
#####.##....#.### ### #.#
.............#..##...# #.#
######......####@g...# #.# ###
#.....## ###..)# #.# ..#
#.##### ### #.# #.####.#
##.#### # .....#.# #.....# #
#.##.#.#################.....#
#
#.##.#.#.##........#.........#
#
#.##.#.#.##........#.........#
#
#....#.#.##........#.........#
#


You could see Crazy Yiuf.

Vanquished Creatures
  2 adders (D:2)
  2 adder skeletons (D:2)
  A dart slug (D:1)
  2 ribbon worms (D:2)
  7 bats
  5 endoplasms (D:1)
  A giant cockroach (D:1)
  7 goblins
  5 hobgoblins
  4 jackals (D:1)
  A quokka (D:1)
  3 ball pythons (D:1)
  2 ball python skeletons (D:2)
  5 frilled lizards
  A giant cockroach zombie (D:2)
  3 kobolds
  4 rats
55 creatures vanquished.

Notes
Turn   | Place    | Note
-------+----------+-------------------------------------------
     0 | D:1      | Sabo the Gnoll Artificer began the quest for the Orb.
     0 | D:1      | Reached XP level 1. HP: 17/17 MP: 1/1
   194 | D:1      | Reached XP level 2. HP: 12/23 MP: 2/2
   366 | D:1      | Got Ral Iqia's Quarto of Lava
   560 | D:1      | Reached XP level 3. HP: 28/28 MP: 3/3
   917 | D:1      | Reached skill level 1 in Invocations
  1256 | D:1      | Upgraded the game from 0.32-a0-981-g384da2ce10 to
                  | 0.32-a0-995-gb4a59205af
  1298 | D:2      | Reached skill level 1 in Short Blades
  1298 | D:2      | Reached skill level 1 in Long Blades
  1298 | D:2      | Reached skill level 1 in Axes
  1298 | D:2      | Reached skill level 1 in Maces & Flails
  1298 | D:2      | Reached skill level 1 in Polearms
  1298 | D:2      | Reached skill level 1 in Staves
  1298 | D:2      | Reached skill level 1 in Ranged Weapons
  1298 | D:2      | Reached skill level 1 in Throwing
  1298 | D:2      | Reached skill level 1 in Shields
  1298 | D:2      | Reached skill level 1 in Unarmed Combat
  1298 | D:2      | Reached skill level 1 in Spellcasting
  1378 | D:2      | Reached skill level 1 in Shapeshifting
  1378 | D:2      | Reached XP level 4. HP: 18/34 MP: 5/5
  1676 | D:2      | Reached skill level 1 in Conjurations
  1676 | D:2      | Reached skill level 1 in Hexes
  1676 | D:2      | Reached skill level 1 in Summonings
  1676 | D:2      | Reached skill level 1 in Necromancy
  1676 | D:2      | Reached skill level 1 in Translocations
  1676 | D:2      | Reached skill level 1 in Fire Magic
  1676 | D:2      | Reached skill level 1 in Ice Magic
  1676 | D:2      | Reached skill level 1 in Air Magic
  1676 | D:2      | Reached skill level 1 in Earth Magic
  1676 | D:2      | Reached skill level 1 in Alchemy
  1935 | D:2      | Found a runed translucent door.
  2303 | D:2      | Noticed Crazy Yiuf
  2312 | D:2      | HP: 1/34 [Crazy Yiuf/+3 quarterstaff of chaos (4)]
  2313 | D:2      | Succumbed to Crazy Yiuf's poison

Illustrated notes

Levels and vault maps discovered:
D:1:      dpeg_arrival_chambers_temple_mockup, layout_basic, st_stairs_10,
          minmay_distorted
D:2:      layout_basic, serial_undead, serial_undead_a, serial_undead_b,
          serial_undead_a, serial_undead_d, uniq_crazy_yiuf_cottage

Skill      XL: |  1  2  3  4 |
---------------+-------------+-----
Invocations    | 1 |  1.3
Short Blades   | 1 |  1.2
Long Blades    | 1 |  1.2
Axes           | 1 |  1.2
Maces & Flails | 1 |  1.2
Polearms       | 1 |  1.2
Staves         | 1 |  1.2
Ranged Weapons | 1 |  1.2
Throwing       | 1 |  1.2
Shields        | 1 |  1.2
Unarmed Combat | 1 |  1.2
Spellcasting   | 1 |  1.2
Shapeshifting  | 1 |  1.1
Conjurations   | 1 |  1.0
Hexes          | 1 |  1.0
Summonings     | 1 |  1.0
Necromancy     | 1 |  1.0
Translocations | 1 |  1.0
Fire Magic     | 1 |  1.0
Ice Magic      | 1 |  1.0
Air Magic      | 1 |  1.0
Earth Magic    | 1 |  1.0
Alchemy        | 1 |  1.0
Fighting       | |  2.8
Armour         | |  4.7
Dodging        | |  2.8
Stealth        | |  2.6
Evocations     | |  6.6

Action                     |  1- 3 |  4- 6 || total
---------------------------+-------+-------++-------
  Melee: Club              |    51 |       ||    51
         Bite              |    16 |     4 ||    20
         Short sword       |   113 |       ||   113
         Hand axe          |    24 |    68 ||    92
  Evoke: Wand              |     1 |       ||     1
    Use: Scroll            |       |     2 ||     2
         Potion            |       |     1 ||     1
   Stab: Sleeping          |     1 |       ||     1
 Armour: Leather armour    |    35 |       ||    35
         Chain mail        |   159 |    61 ||   220
  Dodge: Dodged            |    94 |    38 ||   132

Table legend: (Time is in decaauts)
 A = Elapsed time spent in this place.
 B = Non-inter-level travel time spent in this place.
 C = Inter-level travel time spent in this place.
 D = Time resting spent in this place.
 E = Time spent auto-exploring this place.
 F = Levels seen in this place.
 G = Mean time per level.
                   A        B        C        D        E       F      G
               +--------+--------+--------+--------+--------+-----+--------+
         Total |   2346 |   2346 |      0 |    270 |      0 |   2 | 1173.0 |
       Dungeon |   2346 |   2346 |      0 |    270 |      0 |   2 | 1173.0 |
               +--------+--------+--------+--------+--------+-----+--------+

Top non-repeatable levels by time:
     D:1: 1280 daAuts
     D:2: 1066 daAuts
